AoeStats
← pataka

African Clearing

510728394Analyzed
2v2 RM · 15h ago on Oct 2, 2026· 36m 13s· 4 players
Game mode
Random Map
Map size
Medium (4 player)
Population
200
Speed
Normal
Resources
Standard
Victory
Conquest
Starting age
Dark Age
Ending age
Imperial Age
RankedLock teamsTeams togetherTeam positionsShared explorationLock speedFull tech treeHidden civsTurbo modeCheats
Victory
Defeat
🇪🇸 Vietnamese · Spain
1287
+8
🇳🇱 Saxons · Netherlands
1241
+9
🇨🇴 Teutons · Colombia
1096
-9
🇨🇴 Vietnamese · Colombia
1066
-8
BenBouten4
3:28 Loom
12:56 Feudal Age
13:55 Double-Bit Axe
16:51 Castle Age
19:10 Wheelbarrow
21:57 Horse Collar
25:24 Gold Mining
25:54 Town Watch
26:21 Scale Mail Armor
27:32 Man-at-Arms
27:58 Gambesons
28:13 Squires
27:59 Arson
28:19 Long Swordsman
29:25 Chain Mail Armor
29:20 Forging
30:49 Town Patrol
32:18 Iron Casting
36:58 Imperial Age
36:17 Fletching
pataka
6:22 Loom
14:16 Feudal Age
15:48 Double-Bit Axe
20:36 Castle Age
19:15 Fletching
20:27 Bloodlines
20:20 Padded Archer Armor
23:16 Horse Collar
26:05 Town Watch
29:42 Leather Archer Armor
30:28 Heavy Plow
33:47 Ballistics
34:12 Wheelbarrow
39:06 Imperial Age
Alosk8
4:16 Loom
14:05 Feudal Age
16:25 Double-Bit Axe
17:16 Fletching
17:27 Padded Archer Armor
22:26 Castle Age
21:31 Gold Mining
21:33 Stone Mining
23:31 Wheelbarrow
22:43 Crossbowman
22:46 Elite Skirmisher
25:01 Bodkin Arrow
26:53 Horse Collar
27:28 Bow Saw
29:49 Thumb Ring
30:52 Leather Archer Armor
38:46 Imperial Age
DAVIJO90
3:26 Loom
16:25 Feudal Age
21:41 Castle Age
20:48 Bloodlines
21:50 Scale Barding Armor
22:48 Double-Bit Axe
25:23 Stone Mining
26:55 Wheelbarrow
26:38 Gold Mining
28:36 Chain Barding Armor
28:42 Town Watch
31:11 Stone Shaft Mining
31:04 Hand Cart
32:04 Town Patrol
Connection lost

Rejoining the realm…

Still unreachable

The connection could not be restored.

Session expired

The server has moved on; the page needs a fresh start.